 Dungeon Crawl Stone Soup version 0.24.1-8-ga250c9d538 (webtiles) character file.

Game seed: 6465615808500668105, levelgen mode: deterministic

210 Hugehornet the Insei (level 5, -4/33 HPs)
             Began as an Octopode Transmuter on May 7, 2020.
             Slain by an ogre
             ... wielding a +0 giant club
              (19 damage)
             ... on level 4 of the Dungeon.
             The game lasted 00:06:24 (4077 turns).

Hugehornet the Insei (Octopode Transmuter)          Turns: 4077, Time: 00:06:25

Health: -4/33      AC:  2    Str:  9    XL:     5   Next: 87%
Magic:  7/8        EV: 19    Int: 17    God:
Gold:   158        SH:  0    Dex: 17    Spells: 2/8 levels left

rFire    . . .     SeeInvis .     - Unarmed
rCold    . . .     Gourm    .   (shield currently unavailable)
rNeg     . . .     Faith    .   (helmet currently unavailable)
rPois    x         Spirit   .   (no amulet)
rElec    .         Reflect  .   (no ring)
rCorr    .         Harm     .   (no ring)
MR       .....                  (no ring)
Stlth    ++........             (no ring)
HPRegen  0.11/turn              (no ring)
MPRegen  0.11/turn              (no ring)
                                (no ring)
                                (no ring)

@: spider-form (expiring), lightly drained
A: tiny, almost no armour, stealthy swim, (amphibious), 8 rings, (constrict 8)
a: End Transformation


You were on level 4 of the Dungeon.
You were hungry.
You were a venomous arachnid creature.
You visited 1 branch of the dungeon, and saw 4 of its levels.

You collected 158 gold pieces.

Inventory:

Missiles
 a - 36 arrows
Armour
 r - a +0 buckler
Wands
 k - a wand of digging (8)
Scrolls
 d - a scroll of fog {unknown}
 e - 5 scrolls of identify {unknown}
 g - a scroll of amnesia {unknown}
 i - 2 scrolls of enchant armour {unknown}
 j - a scroll of random uselessness {unknown}
 n - a scroll of fear {unknown}
Potions
 b - a potion of berserk rage {unknown}
 f - a potion of haste {unknown}
 h - 2 potions of flight {unknown}
 l - a potion of brilliance {unknown}
 m - a potion of agility {unknown}
 o - a potion of lignification {unknown}
 p - 2 potions of curing {unknown}
 q - a potion of heal wounds {unknown}
Comestibles
 c - 9 rations


   Skills:
 - Level 1.0(0.7) Fighting
 - Level 2.0(1.7) Dodging
 * Level 4.5(4.2) Unarmed Combat
 + Level 2.3(2.0) Spellcasting
 + Level 3.6(3.4) Transmutations
 - Level 3.0(2.7) Poison Magic


You had 2 spell levels left.
You knew the following spells:

 Your Spells              Type           Power        Failure   Level  Hunger
a - Beastly Appendage     Tmut           ##....       14%         1    #......
b - Sticks to Snakes      Tmut           ##......     21%         2    ###....
c - Spider Form           Tmut/Pois      ##........   36%         3    ###....

Your spell library contained the following spells:

 Spells                   Type           Power        Failure   Level  Hunger
 Ice Form                 Ice/Tmut       #.......     85%         4    #####..
 Blade Hands              Tmut           ##........   92%         5    ######.


Dungeon Overview and Level Annotations

Branches:
Dungeon (4/15)
 Temple: D:4-7

Altars:
Hepliaklqana
Sif Muna
Xom
The Shining One


Innate Abilities, Weirdness & Mutations

You cannot wear most types of armour.
You are very stealthy in the water. (Stealth+)
((You are amphibious.))
You can wear up to eight rings at the same time.
((You can use your tentacles to constrict eight enemies at once.))
((Your skin changes colour to match your surroundings (Stealth+).))
((Your rubbery body absorbs attacks. (AC +1, EV +1)))


Message History

A leopard gecko comes into view.
The orc completely misses you.
The leopard gecko hisses angrily.
You hit the orc.
The orc looks even sicker.
The orc is heavily wounded.
You hit the orc.
You kill the orc!
You hit the ogre.
The ogre is poisoned.
The ogre is moderately wounded.
The ogre closely misses you.
You hit the ogre.
The ogre looks as sick as possible!
The ogre is moderately wounded.
You hit the ogre.
The ogre looks as sick as possible!
The ogre is heavily wounded.
The ogre hits you with a +0 giant club.
You hit the ogre.
The ogre looks as sick as possible!
The ogre is almost dead.
The ogre hits you with a +0 giant club!!
Ouch! That really hurt!
You die...

###.###...#.#
#.####..#.##...... ##
#.....# #.####..#.##<...##
##########............#.##
#......####......# #####
###.####.# ########
......#......#.#
..##.....##.# #
..........##.#.#
.#.......lOs...#
..###.....##.### '
#.....## .# ##...## .#
##.## .# #) .# '. .# .' .#


You could see an ogre and a leopard gecko.

Vanquished Creatures
  A howler monkey (D:4)
  Crazy Yiuf (D:3)
  Robin (D:4)
  3 adders (D:2)
  3 oozes (D:1)
  An adder skeleton (D:4)
  3 worms
  2 dart slugs (D:2)
  A leopard gecko (D:2)
  5 orcs
  A giant cockroach (D:1)
  13 goblins
  8 hobgoblins
  3 jackals (D:1)
  A quokka (D:4)
  2 ball pythons
  9 bats
  4 frilled lizards
  4 kobolds
  5 rats
71 creatures vanquished.

Notes
Turn   | Place    | Note
-------+----------+-------------------------------------------
     0 | D:1      | Hugehornet the Octopode Transmuter began the quest for the
                  | Orb.
     0 | D:1      | Reached XP level 1. HP: 13/13 MP: 3/3
    45 | D:1      | Reached XP level 2. HP: 8/18 MP: 5/5
   381 | D:1      | Reached XP level 3. HP: 19/23 MP: 4/6
   385 | D:1      | Learned a level 2 spell: Sticks to Snakes
   389 | D:1      | Learned a level 3 spell: Spider Form
   845 | D:1      | Reached skill level 1 in Poison Magic
  1549 | D:2      | Reached XP level 4. HP: 21/28 MP: 5/7
  1926 | D:2      | Found a glowing golden altar of the Shining One.
  2867 | D:3      | Found a runed translucent door.
  2868 | D:3      | Noticed Crazy Yiuf
  2968 | D:3      | Found a shimmering blue altar of Sif Muna.
  3103 | D:3      | Killed Crazy Yiuf
  3103 | D:3      | Reached skill level 4 in Unarmed Combat
  3103 | D:3      | Reached XP level 5. HP: 9/33 MP: 4/8
  3456 | D:4      | Noticed Robin
  3471 | D:4      | Killed Robin
  3918 | D:4      | Found a hazy altar of Hepliaklqana.
  3919 | D:4      | Found a shimmering altar of Xom.
  3919 | D:4      | Noticed a tentacled monstrosity
  3920 | D:4      | Noticed a spectral ugly thing
  3920 | D:4      | Noticed a tentacled monstrosity
  4067 | D:4      | Noticed an ogre
  4077 | D:4      | Slain by an ogre

Levels and vault maps discovered:
D:1:      mrwooster_arrival_statue_2, layout_loops_corners
D:2:      layout_loops_ring, tso_metal_star, first_ration,
          kennysheep_generic_room_2
D:3:      layout_rooms, lemuel_blue_sif_altar, uniq_crazy_yiuf_cottage
D:4:      layout_loops_cross, regret_index_temple_of_mockery,
          kennysheep_generic_room_3, uniq_duvessa, uniq_robin

Skill      XL: |  1  2  3  4 |
---------------+-------------+-----
Transmutations | 3 |  3.6
Poison Magic   | 2 3 |  3.0
Unarmed Combat | 4 |  4.5
Fighting       | |  1.0
Dodging        | |  2.0
Spellcasting   | |  2.3

Action                   |  1- 3 |  4- 6 || total
-------------------------+-------+-------++-------
Melee: Unarmed           |    72 |   102 ||   174
       Constrict         |    19 |    20 ||    39
       Kick              |    20 |    17 ||    37
       Tentacles         |     8 |    14 ||    22
       Punch             |     2 |     2 ||     4
 Cast: Beastly Appendage |    20 |    24 ||    44
       Spider Form       |       |     3 ||     3
 Stab: Sleeping          |     4 |     7 ||    11
  Eat: Chunk             |     2 |     8 ||    10
Armor: Skin              |     2 |     5 ||     7
Dodge: Dodged            |    48 |    51 ||    99
